 Dungeon Crawl Stone Soup version 0.30-a0-1066-g63dfefce0d (webtiles) character file.

Game seed: 11841601559508324372

2 retardedninja the Trooper (level 1, 21/21 HPs)
             Began as a Naga Fighter on Apr 12, 2023.
             Quit the game on level 1 of the Dungeon.
             The game lasted 00:01:22 (96 turns).

retardedninja the Trooper (Naga Fighter)              Turns: 96, Time: 00:01:23

Health: 21/21      AC:  3    Str: 18    XL:     1   Next: 30%
Magic:  1/1        EV:  7    Int:  8    God:
Gold:   25         SH:  4    Dex: 10    Spells: 0/0 levels left

rFire   . . .      SeeInvis +    (no weapon)
rCold   . . .      Faith    .    c - +0 buckler
rNeg    . . .      Spirit   .    b - +0 scale mail
rPois   +          Reflect  .    (no helmet)
rElec   .          Rampage  .    (no cloak)
rCorr   .                        (no gloves)
Will    .....                    (no barding) Stlth
                                 (no amulet)
HPRegen 0.23/turn                (no ring)
MPRegen 0.07/turn                (no ring)

@: mighty, very slow
A: AC +0, large, see invisible, deformed body, poison resistance, slowness 2,
spit poison 1, naga tail 1
a: Spit Poison


You were on level 1 of the Dungeon.
You visited 1 branch of the dungeon, and saw 1 of its levels.

You collected 25 gold pieces.

Inventory:

Hand Weapons
 a - a +0 war axe
Armour
 b - a +0 scale mail (worn)
 c - a +0 buckler (worn)
 f - a +0 pair of gloves
Scrolls
 e - a scroll of identify {unknown}
 g - a scroll of vulnerability {unknown}


   Skills:
 + Level 3.0 Fighting
 + Level 2.0 Axes
 + Level 2.4 Armour
 + Level 2.7 Shields


You couldn't memorise any spells.
You didn't know any spells.
Your spell library contained the following spells:

 Spells                   Type           Power      Damage    Failure   Level
 Inner Flame              Hex/Fire       0%         N/A       99%         3
 Flame Wave               Conj/Fire      0%         2d4       100%        4
 Sticky Flame             Conj/Fire      0%         2d3       100%        4


Dungeon Overview and Level Annotations

Branches:
Dungeon (1/15)

Altars:


Innate Abilities, Weirdness & Mutations

Your serpentine skin is tough. (AC +0)
You have supernaturally acute eyesight. (SInv)
Armour fits poorly on your strangely shaped body.
Your system is resistant to poisons. (rPois)
You cover ground very slowly.
You can spit poison.
You have a snake-like lower body.


Message History

You slash the bat!
You kill the bat!
You see here a bat corpse.
You see here a bat corpse.
Found 14 gold pieces.
f - a +0 pair of gloves
g - a scroll labelled SASHEOJ MIETAMM You see here a +0 whip.
You pick up a book of Flames and begin reading...
You add the spells Inner Flame, Sticky Flame and Flame Wave to your library.
You now have 25 gold pieces (gained 14).
A frilled lizard comes into view.
The frilled lizard hisses angrily.
The frilled lizard closely misses you.
The frilled lizard bites you but does no damage.
You hit the frilled lizard.
You kill the frilled lizard!
You see here a frilled lizard corpse.
Welcome back, retardedninja the Naga Fighter.
Press ? for a list of commands and other information.
Saving game... please wait.
Welcome back, retardedninja the Naga Fighter.
Press ? for a list of commands and other information.
Saving game... please wait.
Welcome back, retardedninja the Naga Fighter.
Press ? for a list of commands and other information.
You feel very mighty all of a sudden.
Are you sure you want to abandon this character and quit the game? (Confirm with "yes".)
Okay, then.
There's something in the way.
There's something in the way.
You are now empty-handed.
Unknown command.
Unknown command.
Unknown command.
Unknown command.
Unknown command.
Unknown command.
Unknown command.
Are you sure you want to abandon this character and quit the game? (Confirm with "yes".)

####...### #.
#........# #.
#.##...#.# #.
#.#...##+### #.
#†#........# #.
#.#........# #.
#.#....)...#
#.###.#........#
#..@..+....#.###
####.##....#.#
#.#####.#.# #####
#.# #.#[###....
#.# ##†......# #
#.# #........###
............#....
#.##.##.##..#.##.
#..#.#.#....##.


There were no monsters in sight!

Vanquished Creatures
  A bat (D:1)
  A frilled lizard (D:1)
2 creatures vanquished.

Notes
Turn   | Place    | Note
-------+----------+-------------------------------------------
     0 | D:1      | retardedninja the Naga Fighter began the quest for the Orb.
     0 | D:1      | Reached XP level 1. HP: 21/21 MP: 1/1
    96 | D:1      | Quit the game

Illustrated notes

Levels and vault maps discovered:
D:1:      eino_arrival_cavern_b, layout_basic, minmay_distorted

Action                     || total
---------------------------++-------
  Melee: War axe           ||     2
    Use: Potion            ||     1
 Armour: Scale mail        ||     7
  Dodge: Dodged            ||     4

Table legend: (Time is in decaauts)
 A = Elapsed time spent in this place.
 B = Non-inter-level travel time spent in this place.
 C = Inter-level travel time spent in this place.
 D = Time resting spent in this place.
 E = Time spent auto-exploring this place.
 F = Levels seen in this place.
 G = Mean time per level.
                   A        B        C        D        E       F      G
               +--------+--------+--------+--------+--------+-----+--------+
         Total |    130 |    130 |      0 |      0 |      0 |   1 |  130.0 |
       Dungeon |    130 |    130 |      0 |      0 |      0 |   1 |  130.0 |
               +--------+--------+--------+--------+--------+-----+--------+

Top non-repeatable levels by time:
     D:1: 130 daAuts
